Philadelphia Flyers vs Winnipeg Jets
Created - Friday, May 19, 2023 at 07:04
Goals
|
| Philadelphia Flyers |
0 |
2 |
3 |
5 |
| Winnipeg Jets |
1 |
0 |
2 |
3 |
|
Shots
|
| Philadelphia Flyers |
10 |
7 |
18 |
35 |
| Winnipeg Jets |
14 |
13 |
9 |
36 |
|
1st period
1. Winnipeg Jets , Brandon Montour 6 (Ryan Nugent-Hopkins 28) at 11:54 (PP)
Penalties :
Ben Chiarot (PHI) for Tripping (Minor) at 5:13, Justin Faulk (PHI) for Holding Stick (Minor) at 11:42
2nd period
2. Philadelphia Flyers , T.J. Tynan 1 (Tomas Tatar 15, Alexander Edler 10) at 6:49
3. Philadelphia Flyers , Tyler Johnson 7 (Matt Roy 10) at 19:02
Penalties :
Carter Verhaeghe (PHI) for Hooking (Minor) at 9:30, John Klingberg (WPG) for Slashing (Minor) at 12:08
3rd period
4. Philadelphia Flyers , Evan Rodrigues 13 (Carter Verhaeghe 16, Ben Chiarot 12) at 2:24
5. Philadelphia Flyers , Elias Lindholm 20 (Justin Faulk 22, Oliver Ekman-Larsson 10) at 9:07
6. Winnipeg Jets , Lucas Raymond 1 (Connor McDavid 38) at 9:50
7. Philadelphia Flyers , Evan Rodrigues 14 (Carter Verhaeghe 17, Matt Boldy 7) at 14:43
8. Winnipeg Jets , Ryan Nugent-Hopkins 23 (Mark Stone 20) at 15:33
Penalties :
Nick Suzuki (WPG) for Holding (Minor) at 2:39, Mark Stone (WPG) for Cross-checking (Minor) at 6:44, Matty Beniers (WPG) for Slashing (Double Minor) at 15:55
Goalie Stats
Thomas Greiss (PHI), 33 saves from 36 shots - (0.917), W, 2-0-0, 60:00 minutes
Jake Allen (WPG), 30 saves from 35 shots - (0.857), L, 2-8-4, 60:00 minutes
Players Stats for Philadelphia Flyers
Player Name G A P +/- PIM S H SB GA TA FO MP PP MP PK MP
------------------------------------------------------------------------------------
Alexander Barabanov 0 0 0 0 0 2 0 0 0 1 0/0 14:38 0:55 0:43
Alexander Edler 0 1 1 0 0 0 0 1 0 2 0/0 18:39 3:33 1:11
Artem Zub 0 0 0 0 0 0 2 0 0 1 0/0 14:10 0:21 0:00
Ben Chiarot 0 1 1 1 2 0 0 2 0 0 0/0 17:34 0:21 0:45
Carter Verhaeghe 0 2 2 2 2 2 0 1 0 0 0/1 21:07 5:52 1:21
Elias Lindholm 1 0 1 1 0 5 3 0 2 0 7/16 20:49 5:51 1:47
Evan Rodrigues 2 0 2 1 0 6 3 0 1 1 7/24 16:27 3:10 0:00
Evgenii Dadonov 0 0 0 -1 0 2 0 0 1 0 1/1 10:34 0:54 0:00
Justin Faulk 0 1 1 2 2 1 8 1 2 1 0/0 24:16 6:02 1:56
Marcus Johansson 0 0 0 -1 0 2 1 0 1 0 0/1 13:54 3:10 0:41
Matt Boldy 0 1 1 1 0 1 0 0 0 0 0/1 16:46 3:10 0:19
Matt Roy 0 1 1 1 0 1 2 1 0 0 0/0 21:33 3:33 2:14
Oliver Ekman-Larsson 0 1 1 2 0 5 2 3 1 0 0/0 24:15 6:02 2:14
Riley Sheahan 0 0 0 -1 0 0 0 1 0 0 4/13 11:53 0:00 2:20
T.J. Tynan 1 0 1 2 0 1 0 0 0 0 1/5 9:21 0:00 0:00
Tomas Tatar 0 1 1 2 0 0 0 0 1 0 0/0 9:21 0:00 0:00
Tyler Bertuzzi 0 0 0 1 0 5 2 0 0 0 0/1 19:52 5:51 0:50
Tyler Johnson 1 0 1 2 0 2 1 0 0 0 0/0 10:38 0:55 0:19
Players Stats for Winnipeg Jets
Player Name G A P +/- PIM S H SB GA TA FO MP PP MP PK MP
------------------------------------------------------------------------------------
Aaron Ekblad 0 0 0 -2 0 2 2 3 1 1 0/0 24:36 2:39 4:34
Andrew Cogliano 0 0 0 0 0 0 1 0 0 0 0/0 10:34 0:00 3:51
Brandon Montour 1 0 1 0 0 3 0 0 0 1 0/0 23:14 2:39 4:34
Connor McDavid 0 1 1 -1 0 5 1 1 1 1 19/24 17:51 2:32 0:00
Jacob Trouba 0 0 0 1 0 1 1 1 0 1 0/0 18:53 0:00 4:44
Joe Pavelski 0 0 0 -1 0 1 0 1 0 1 0/1 17:51 2:32 0:00
John Klingberg 0 0 0 -2 2 0 1 0 0 0 0/0 16:37 1:31 0:38
Kevin Shattenkirk 0 0 0 -2 0 0 0 2 0 2 0/0 17:59 0:00 4:44
Kyle Palmieri 0 0 0 0 0 4 1 1 1 0 0/0 7:05 0:00 0:00
Lucas Raymond 1 0 1 -1 0 5 2 1 0 0 0/0 19:07 2:32 1:09
Mark Stone 0 1 1 -2 2 2 1 0 0 0 1/2 16:52 1:38 1:36
Mathew Barzal 0 0 0 0 0 3 1 0 0 0 1/1 10:53 0:00 0:35
Matty Beniers 0 0 0 0 4 0 2 0 1 0 2/6 9:29 0:00 0:00
Nick Suzuki 0 0 0 -2 2 4 3 0 1 0 13/22 19:37 1:38 3:50
Pius Suter 0 0 0 0 0 1 0 1 0 0 7/7 10:41 0:00 3:58
Ryan Nugent-Hopkins 1 1 2 -2 0 4 0 1 1 0 0/0 20:24 1:38 4:53
Seth Jones 0 0 0 -1 0 0 0 0 0 2 0/0 18:47 1:31 0:38
Tyler Toffoli 0 0 0 0 0 1 0 0 0 0 0/0 9:30 0:00 0:00
3 Stars
1 - Evan Rodrigues (PHI)
2 - Justin Faulk (PHI)
3 - Tyler Johnson (PHI)
Power Play
Philadelphia Flyers - 0 on 5 Attempt(s) - 0.00%
Winnipeg Jets - 1 on 3 Attempt(s) - 33.33%
Penalty Kill
Philadelphia Flyers - 2 on 3 Attempt(s) - 66.67%
- Score 0 goal in Penalty Kill
Winnipeg Jets - 5 on 5 Attempt(s) - 100.00%
- Score 0 goal in Penalty Kill
Team Stat
Philadelphia Flyers - Hits : 24 - Faceoff Wins : 20 - Blocked Shots : 10 - Penalty Minutes : 6
Winnipeg Jets - Hits : 16 - Faceoff Wins : 43 - Blocked Shots : 12 - Penalty Minutes : 10
Official
Referees : Tom Kowal and Chris Lee
Linesman : David Brisebois and Thor Nelson
Game Notes
No Game Note
Finance
Level 1 -- Attendance: 5690 (94.83%) -- Ticket Income $523,480
Level 2 -- Attendance: 4312 (86.24%) -- Ticket Income $237,160
Level 3 -- Attendance: 2815 (93.83%) -- Ticket Income $84,450
Level 4 -- Attendance: 4717 (94.34%) -- Ticket Income $103,774
Luxury Box -- Attendance: 919 (91.90%) -- Ticket Income $174,610
Game was played at the MTS Centre.
Total Attendance: 18453 (92.27%)
Total Ticket Income: $1,123,474
Other Income: $393,216
Total Income: $1,516,690
Philadelphia Flyers
5 vs 5 Forward
Center Left Wing Right Wing Time % Phy DF OF
1 Elias Lindholm Tyler Bertuzzi Alexander Barabanov 30 0 3 2
2 Evan Rodrigues Carter Verhaeghe Matt Boldy 30 0 3 2
3 Riley Sheahan Marcus Johansson Evgenii Dadonov 20 0 3 2
4 T.J. Tynan Tyler Johnson Tomas Tatar 20 0 3 2
5 vs 5 Defense
Defense Defense Time % Phy DF OF
1 Justin Faulk Ben Chiarot 35 0 3 2
2 Oliver Ekman-Larsson Matt Roy 35 0 3 2
3 Alexander Edler Artem Zub 30 0 3 2
4 Justin Faulk Ben Chiarot 0 0 3 2
PowerPlay Forward
Center Left Wing Right Wing Time % Phy DF OF
1 Elias Lindholm Tyler Bertuzzi Carter Verhaeghe 55 0 1 4
2 Evan Rodrigues Marcus Johansson Matt Boldy 45 0 1 4
PowerPlay Defense
Defense Defense Time % Phy DF OF
1 Justin Faulk Oliver Ekman-Larsson 55 0 1 4
2 Alexander Edler Matt Roy 45 0 1 4
Penalty Kill 4 Players Forward
Center Wing Time % Phy DF OF
1 Riley Sheahan Carter Verhaeghe 55 0 4 1
2 Elias Lindholm Tyler Bertuzzi 45 0 4 1
Penalty Kill 4 Players Defense
Defense Defense Time % Phy DF OF
1 Justin Faulk Ben Chiarot 50 0 4 1
2 Oliver Ekman-Larsson Matt Roy 50 0 4 1
Penalty Kill - 3 Players Forward
Forward Time % Phy DF OF
1 Riley Sheahan 50 0 5 0
2 Elias Lindholm 50 0 5 0
Penalty Kill - 3 Players Defense
Defense Defense Time % Phy DF OF
1 Justin Faulk Ben Chiarot 50 0 5 0
2 Oliver Ekman-Larsson Matt Roy 50 0 5 0
4 vs 4 Forward
Center Wing Time % Phy DF OF
1 Elias Lindholm Tyler Bertuzzi 50 0 3 2
2 Evan Rodrigues Carter Verhaeghe 50 0 3 2
4 vs 4 Defense
Defense Defense Time % Phy DF OF
1 Justin Faulk Ben Chiarot 50 0 3 2
2 Oliver Ekman-Larsson Matt Roy 50 0 3 2
Last Minutes Offensive
Center Left Wing Right Wing Defense Defense
Elias Lindholm Tyler Bertuzzi Carter Verhaeghe Justin Faulk Oliver Ekman-Larsson
Last Minutes Defensive
Center Left Wing Right Wing Defense Defense
Elias Lindholm Riley Sheahan Tyler Bertuzzi Ben Chiarot Matt Roy
Goaltenders
Starting : Thomas Greiss
Backup : Mackenzie Blackwood
Extra Forwards
Normal : Matt Boldy, Elias Lindholm, Carter Verhaeghe - PP : Matt Boldy, Elias Lindholm - PK : Elias Lindholm
Extra Defensemen
Normal : Justin Faulk, Oliver Ekman-Larsson, Alexander Edler - PP : Justin Faulk - PK : Ben Chiarot, Alexander Edler
Penalty Shots
Elias Lindholm, Tyler Bertuzzi, Matt Boldy, Carter Verhaeghe, Evan Rodrigues
Winnipeg Jets
5 vs 5 Forward
Center Left Wing Right Wing Time % Phy DF OF
1 Connor McDavid Lucas Raymond Joe Pavelski 35 1 1 3
2 Nick Suzuki Ryan Nugent-Hopkins Mark Stone 30 1 1 3
3 Matty Beniers Mathew Barzal Tyler Toffoli 20 1 2 2
4 Pius Suter Andrew Cogliano Kyle Palmieri 15 1 3 1
5 vs 5 Defense
Defense Defense Time % Phy DF OF
1 Aaron Ekblad Seth Jones 35 1 2 2
2 Brandon Montour Jacob Trouba 35 1 2 2
3 Kevin Shattenkirk John Klingberg 30 1 2 2
4 Aaron Ekblad Brandon Montour 0 1 2 2
PowerPlay Forward
Center Left Wing Right Wing Time % Phy DF OF
1 Connor McDavid Lucas Raymond Joe Pavelski 50 1 1 3
2 Nick Suzuki Ryan Nugent-Hopkins Mark Stone 50 1 1 3
PowerPlay Defense
Defense Defense Time % Phy DF OF
1 Aaron Ekblad Brandon Montour 50 1 1 3
2 Seth Jones John Klingberg 50 1 1 3
Penalty Kill 4 Players Forward
Center Wing Time % Phy DF OF
1 Nick Suzuki Ryan Nugent-Hopkins 50 1 2 2
2 Pius Suter Andrew Cogliano 50 1 2 2
Penalty Kill 4 Players Defense
Defense Defense Time % Phy DF OF
1 Kevin Shattenkirk Jacob Trouba 50 1 2 2
2 Brandon Montour Aaron Ekblad 50 1 2 2
Penalty Kill - 3 Players Forward
Forward Time % Phy DF OF
1 Ryan Nugent-Hopkins 50 1 2 2
2 Pius Suter 50 1 2 2
Penalty Kill - 3 Players Defense
Defense Defense Time % Phy DF OF
1 Kevin Shattenkirk Jacob Trouba 50 1 2 2
2 Brandon Montour Aaron Ekblad 50 1 2 2
4 vs 4 Forward
Center Wing Time % Phy DF OF
1 Connor McDavid Mark Stone 50 1 2 2
2 Matty Beniers Lucas Raymond 50 1 2 2
4 vs 4 Defense
Defense Defense Time % Phy DF OF
1 John Klingberg Seth Jones 50 1 2 2
2 Kevin Shattenkirk Jacob Trouba 50 1 2 2
Last Minutes Offensive
Center Left Wing Right Wing Defense Defense
Connor McDavid Tyler Toffoli Joe Pavelski Aaron Ekblad Brandon Montour
Last Minutes Defensive
Center Left Wing Right Wing Defense Defense
Nick Suzuki Andrew Cogliano Pius Suter Jacob Trouba Kevin Shattenkirk
Goaltenders
Starting : Jake Allen
Backup : Chris Driedger
Extra Forwards
Normal : Mathew Barzal, Kyle Palmieri, Matty Beniers - PP : Mathew Barzal, Tyler Toffoli - PK : Mark Stone
Extra Defensemen
Normal : Seth Jones, John Klingberg, Jacob Trouba - PP : Kevin Shattenkirk - PK : John Klingberg, Seth Jones
Penalty Shots
Connor McDavid, Ryan Nugent-Hopkins, Lucas Raymond, Nick Suzuki, Joe Pavelski
% Time on Ice - Philadelphia Flyers
Lines # - Real PCT - Wanted PCT - Time Play
Normal Forward
1 - 30% - 30% - 13:44
2 - 29% - 30% - 13:17
3 - 21% - 20% - 9:32
4 - 20% - 20% - 9:21
Normal Defense
1 - 36% - 35% - 16:24
2 - 36% - 35% - 16:19
3 - 29% - 30% - 13:11
4 - 0% - 0% - 0:00
PP Forward
1 - 68% - 55% - 6:46
2 - 32% - 45% - 3:10
PP Defense
1 - 64% - 55% - 6:23
2 - 36% - 45% - 3:33
PK Forward
1 - 80% - 55% - 3:20
2 - 20% - 45% - 0:50
PK Defense
1 - 46% - 50% - 1:56
2 - 54% - 50% - 2:14
PK3 Forward
1 - 0% - 50%
2 - 0% - 50%
PK3 Defense
1 - 0% - 50%
2 - 0% - 50%
44 Forward
1 - 0% - 50%
2 - 0% - 50%
44 Defense
1 - 0% - 50%
2 - 0% - 50%
Last Minute Offensive - 0:00
Last Minute Defensive - 0:00
Total
Forward - 60:00
Defense - 60:00
|
% Time on Ice - Winnipeg Jets
Lines # - Real PCT - Wanted PCT - Time Play
Normal Forward
1 - 36% - 35% - 16:26
2 - 29% - 30% - 13:15
3 - 21% - 20% - 9:30
4 - 15% - 15% - 6:43
Normal Defense
1 - 34% - 35% - 15:31
2 - 35% - 35% - 15:53
3 - 29% - 30% - 13:15
4 - 3% - 0% - 1:15
PP Forward
1 - 61% - 50% - 2:32
2 - 39% - 50% - 1:38
PP Defense
1 - 64% - 50% - 2:39
2 - 36% - 50% - 1:31
PK Forward
1 - 52% - 50% - 5:12
2 - 48% - 50% - 4:44
PK Defense
1 - 53% - 50% - 5:14
2 - 47% - 50% - 4:42
PK3 Forward
1 - 0% - 50%
2 - 0% - 50%
PK3 Defense
1 - 0% - 50%
2 - 0% - 50%
44 Forward
1 - 0% - 50%
2 - 0% - 50%
44 Defense
1 - 0% - 50%
2 - 0% - 50%
Last Minute Offensive - 0:00
Last Minute Defensive - 0:00
Total
Forward - 60:00
Defense - 60:00
|
Play-by-Play
1st period
0:01 of 1st period - Elias Lindholm wins face-off versus Connor McDavid in neutral zone.
0:27 of 1st period - Ryan Nugent-Hopkins is hit by Justin Faulk and loses puck.
0:32 of 1st period - Slapshot by Carter Verhaeghe.
0:32 of 1st period - Stopped by Jake Allen without a rebound.
0:33 of 1st period - Riley Sheahan wins face-off versus Matty Beniers in Winnipeg Jets zone.
0:36 of 1st period - Snap shot by Marcus Johansson.
0:36 of 1st period - Stopped by Jake Allen without a rebound.
0:37 of 1st period - Matty Beniers wins face-off versus Riley Sheahan in Winnipeg Jets zone.
2:19 of 1st period - Elias Lindholm is hit by Mathew Barzal and loses puck.
3:22 of 1st period - Off-side.
3:23 of 1st period - Nick Suzuki wins face-off versus T.J. Tynan in neutral zone.
3:39 of 1st period - Snap shot by Mark Stone.
3:39 of 1st period - Stopped by Thomas Greiss with a rebound.
3:49 of 1st period - Joe Pavelski is hit by Justin Faulk and loses puck.
4:24 of 1st period - Snap shot by Evgenii Dadonov.
4:24 of 1st period - Shot Misses the Net.
4:49 of 1st period - Wrist shot by Mathew Barzal.
4:49 of 1st period - Deflect By Matty Beniers.
4:49 of 1st period - Shot Misses the Net.
4:49 of 1st period - Puck is out of play.
4:50 of 1st period - Nick Suzuki wins face-off versus Evan Rodrigues in Philadelphia Flyers zone.
5:13 of 1st period - Minor Penalty to Ben Chiarot for Tripping.
5:14 of 1st period - Connor McDavid wins face-off versus Riley Sheahan in Philadelphia Flyers zone.
5:15 of 1st period - Wrist shot by Lucas Raymond.
5:15 of 1st period - Deflect By Connor McDavid.
5:15 of 1st period - Stopped by Thomas Greiss with a rebound.
5:17 of 1st period - Wrist shot by Joe Pavelski.
5:17 of 1st period - Shot Blocked by Justin Faulk.
5:19 of 1st period - Slapshot by Aaron Ekblad.
5:19 of 1st period - Stopped by Thomas Greiss with a rebound.
5:21 of 1st period - Snap shot by Brandon Montour.
5:21 of 1st period - Shot Misses the Net.
5:23 of 1st period - Snap shot by Joe Pavelski.
5:23 of 1st period - Shot Blocked by Riley Sheahan.
5:35 of 1st period - Elias Lindholm is hit by Connor McDavid and loses puck.
5:46 of 1st period - Wrist shot by Elias Lindholm.
5:46 of 1st period - Stopped by Jake Allen without a rebound.
5:47 of 1st period - Nick Suzuki wins face-off versus Carter Verhaeghe in Winnipeg Jets zone.
6:14 of 1st period - Matt Roy is hit by Mark Stone and loses puck.
7:13 of 1st period - Penalty to Ben Chiarot is over, Ben Chiarot is back on ice.
7:19 of 1st period - Kyle Palmieri is hit by Matt Roy and loses puck.
7:24 of 1st period - Wrist shot by Carter Verhaeghe.
7:24 of 1st period - Shot Misses the Net.
7:26 of 1st period - Slapshot by Matt Roy.
7:26 of 1st period - Shot Misses the Net.
7:34 of 1st period - Kyle Palmieri is hit by Marcus Johansson and loses puck.
8:59 of 1st period - Slapshot by Evan Rodrigues.
8:59 of 1st period - Stopped by Jake Allen without a rebound.
9:00 of 1st period - Connor McDavid wins face-off versus Evan Rodrigues in Winnipeg Jets zone.
9:09 of 1st period - Wrist shot by Connor McDavid.
9:09 of 1st period - Stopped by Thomas Greiss without a rebound.
9:10 of 1st period - Evgenii Dadonov wins face-off versus Connor McDavid in Philadelphia Flyers zone.
9:27 of 1st period - Snap shot by Lucas Raymond.
9:27 of 1st period - Shot Misses the Net.
10:27 of 1st period - Slapshot by Pius Suter.
10:27 of 1st period - Shot Misses the Net.
10:29 of 1st period - Wrist shot by Pius Suter.
10:29 of 1st period - Stopped by Thomas Greiss with a rebound.
10:59 of 1st period - Snap shot by Carter Verhaeghe.
10:59 of 1st period - Stopped by Jake Allen without a rebound.
11:00 of 1st period - Evan Rodrigues wins face-off versus Nick Suzuki in Winnipeg Jets zone.
11:03 of 1st period - Wrist shot by Evan Rodrigues.
11:03 of 1st period - Stopped by Jake Allen with a rebound.
11:05 of 1st period - Snap shot by Evan Rodrigues.
11:05 of 1st period - Shot Blocked by Aaron Ekblad.
11:07 of 1st period - Slapshot by Oliver Ekman-Larsson.
11:07 of 1st period - Stopped by Jake Allen with a rebound.
11:09 of 1st period - Slapshot by Oliver Ekman-Larsson.
11:09 of 1st period - Shot Misses the Net.
11:11 of 1st period - Slapshot by Matt Roy.
11:11 of 1st period - Shot Misses the Net.
11:13 of 1st period - Snap shot by Matt Boldy.
11:13 of 1st period - Stopped by Jake Allen with a rebound.
11:15 of 1st period - Snap shot by Oliver Ekman-Larsson.
11:15 of 1st period - Stopped by Jake Allen with a rebound.
11:42 of 1st period - Minor Penalty to Justin Faulk for Holding Stick.
11:43 of 1st period - Riley Sheahan wins face-off versus Nick Suzuki in Philadelphia Flyers zone.
11:52 of 1st period - Snap shot by Ryan Nugent-Hopkins.
11:52 of 1st period - Shot Misses the Net.
11:54 of 1st period - Slapshot by Brandon Montour.
11:54 of 1st period - Goal by Brandon Montour - Philadelphia Flyers : 0 - Winnipeg Jets : 1.
11:55 of 1st period - Connor McDavid wins face-off versus Evan Rodrigues in neutral zone.
12:02 of 1st period - Backhand shot by Evan Rodrigues.
12:02 of 1st period - Shot Misses the Net.
12:12 of 1st period - Wrist shot by Joe Pavelski.
12:12 of 1st period - Shot Misses the Net.
12:44 of 1st period - Wrist shot by Nick Suzuki.
12:44 of 1st period - Stopped by Thomas Greiss with a rebound.
13:06 of 1st period - Snap shot by Kyle Palmieri.
13:06 of 1st period - Deflect By Justin Faulk.
13:06 of 1st period - Stopped by Thomas Greiss without a rebound.
13:07 of 1st period - Pius Suter wins face-off versus Evan Rodrigues in Philadelphia Flyers zone.
13:14 of 1st period - Snap shot by Kyle Palmieri.
13:14 of 1st period - Stopped by Thomas Greiss without a rebound.
13:15 of 1st period - Evan Rodrigues wins face-off versus Joe Pavelski in Philadelphia Flyers zone.
13:44 of 1st period - Snap shot by Mathew Barzal.
13:44 of 1st period - Stopped by Thomas Greiss without a rebound.
13:45 of 1st period - Elias Lindholm wins face-off versus Matty Beniers in Philadelphia Flyers zone.
14:15 of 1st period - Wrist shot by Connor McDavid.
14:15 of 1st period - Stopped by Thomas Greiss with a rebound.
14:21 of 1st period - Wrist shot by Connor McDavid.
14:21 of 1st period - Stopped by Thomas Greiss without a rebound.
14:22 of 1st period - Evan Rodrigues wins face-off versus Nick Suzuki in Philadelphia Flyers zone.
14:22 of 1st period - Evan Rodrigues is hit by Nick Suzuki.
14:48 of 1st period - Joe Pavelski is hit by Tyler Johnson and loses puck.
15:17 of 1st period - Andrew Cogliano is hit by Tyler Bertuzzi and loses puck.
15:36 of 1st period - Tyler Toffoli is hit by Justin Faulk and loses puck.
15:57 of 1st period - Snap shot by Mark Stone.
15:57 of 1st period - Stopped by Thomas Greiss with a rebound.
15:59 of 1st period - Slapshot by Nick Suzuki.
15:59 of 1st period - Shot Misses the Net.
16:01 of 1st period - Slapshot by Jacob Trouba.
16:01 of 1st period - Deflect By Ryan Nugent-Hopkins.
16:01 of 1st period - Shot Blocked by Ben Chiarot.
16:01 of 1st period - Puck is out of play.
16:02 of 1st period - Connor McDavid wins face-off versus T.J. Tynan in Philadelphia Flyers zone.
16:05 of 1st period - Wrist shot by Joe Pavelski.
16:05 of 1st period - Stopped by Thomas Greiss with a rebound.
16:13 of 1st period - Wrist shot by Tomas Tatar.
16:13 of 1st period - Shot Blocked by Connor McDavid.
16:15 of 1st period - Slapshot by Tyler Johnson.
16:15 of 1st period - Shot Blocked by Kevin Shattenkirk.
16:17 of 1st period - Backhand shot by Oliver Ekman-Larsson.
16:17 of 1st period - Deflect By Joe Pavelski.
16:17 of 1st period - Stopped by Jake Allen without a rebound.
16:18 of 1st period - Nick Suzuki wins face-off versus Elias Lindholm in Winnipeg Jets zone.
16:45 of 1st period - Lucas Raymond is hit by Evan Rodrigues and loses puck.
19:09 of 1st period - Justin Faulk is hit by Jacob Trouba.
19:28 of 1st period - Wrist shot by Connor McDavid.
19:28 of 1st period - Shot Blocked by Oliver Ekman-Larsson.
19:30 of 1st period - Wrist shot by Joe Pavelski.
19:30 of 1st period - Shot Blocked by Oliver Ekman-Larsson.
19:50 of 1st period - Slapshot by Aaron Ekblad.
19:50 of 1st period - Shot Blocked by Carter Verhaeghe.
Goals for this period are 0 for Philadelphia Flyers vs 1 for Winnipeg Jets.
Shots for this period are 10 for Philadelphia Flyers vs 14 for Winnipeg Jets.
2nd period
0:01 of 2nd period - Connor McDavid wins face-off versus Evan Rodrigues in neutral zone.
0:04 of 2nd period - Ben Chiarot is hit by Lucas Raymond and loses puck.
0:23 of 2nd period - Connor McDavid is hit by Evan Rodrigues and loses puck.
0:27 of 2nd period - Icing by Joe Pavelski.
0:28 of 2nd period - Connor McDavid wins face-off versus Elias Lindholm in Winnipeg Jets zone.
1:09 of 2nd period - Snap shot by Connor McDavid.
1:09 of 2nd period - Shot Misses the Net.
1:15 of 2nd period - Snap shot by Elias Lindholm.
1:15 of 2nd period - Stopped by Jake Allen without a rebound.
1:16 of 2nd period - Nick Suzuki wins face-off versus T.J. Tynan in Winnipeg Jets zone.
1:16 of 2nd period - Nick Suzuki is hit by Justin Faulk.
1:19 of 2nd period - Icing by Mark Stone.
1:20 of 2nd period - T.J. Tynan wins face-off versus Nick Suzuki in Winnipeg Jets zone.
1:47 of 2nd period - Snap shot by Kyle Palmieri.
1:47 of 2nd period - Stopped by Thomas Greiss with a rebound.
2:33 of 2nd period - Wrist shot by Ryan Nugent-Hopkins.
2:33 of 2nd period - Shot Misses the Net.
2:35 of 2nd period - Snap shot by Aaron Ekblad.
2:35 of 2nd period - Stopped by Thomas Greiss with a rebound.
2:37 of 2nd period - Snap shot by Nick Suzuki.
2:37 of 2nd period - Stopped by Thomas Greiss with a rebound.
2:51 of 2nd period - Snap shot by Ryan Nugent-Hopkins.
2:51 of 2nd period - Shot Blocked by Alexander Edler.
3:11 of 2nd period - Aaron Ekblad is hit by Artem Zub and loses puck.
3:30 of 2nd period - Snap shot by Carter Verhaeghe.
3:30 of 2nd period - Shot Blocked by Aaron Ekblad.
3:32 of 2nd period - Slapshot by Ben Chiarot.
3:32 of 2nd period - Shot Blocked by Aaron Ekblad.
3:57 of 2nd period - Lucas Raymond is hit by Artem Zub and loses puck.
4:18 of 2nd period - Slapshot by Evgenii Dadonov.
4:18 of 2nd period - Deflect By Riley Sheahan.
4:18 of 2nd period - Shot Blocked by Lucas Raymond.
4:18 of 2nd period - Puck is out of play.
4:19 of 2nd period - Nick Suzuki wins face-off versus Marcus Johansson in Winnipeg Jets zone.
4:42 of 2nd period - Snap shot by Marcus Johansson.
4:42 of 2nd period - Stopped by Jake Allen without a rebound.
4:43 of 2nd period - Evan Rodrigues wins face-off versus Matty Beniers in Winnipeg Jets zone.
4:54 of 2nd period - Matt Roy is hit by Matty Beniers and loses puck.
5:09 of 2nd period - Kevin Shattenkirk is hit by Oliver Ekman-Larsson and loses puck.
5:18 of 2nd period - Slapshot by Ryan Nugent-Hopkins.
5:18 of 2nd period - Shot Blocked by Matt Roy.
5:38 of 2nd period - Wrist shot by Elias Lindholm.
5:38 of 2nd period - Shot Misses the Net.
5:40 of 2nd period - Wrist shot by Alexander Barabanov.
5:40 of 2nd period - Stopped by Jake Allen with a rebound.
5:42 of 2nd period - Wrist shot by Tyler Bertuzzi.
5:42 of 2nd period - Stopped by Jake Allen with a rebound.
5:44 of 2nd period - Slapshot by Oliver Ekman-Larsson.
5:44 of 2nd period - Shot Blocked by Joe Pavelski.
6:24 of 2nd period - Snap shot by Matt Boldy.
6:24 of 2nd period - Shot Blocked by Kyle Palmieri.
6:35 of 2nd period - Off-side.
6:36 of 2nd period - Nick Suzuki wins face-off versus T.J. Tynan in neutral zone.
6:49 of 2nd period - Snap shot by T.J. Tynan.
6:49 of 2nd period - Goal by T.J. Tynan - Philadelphia Flyers : 1 - Winnipeg Jets : 1.
6:50 of 2nd period - Elias Lindholm wins face-off versus Nick Suzuki in neutral zone.
7:25 of 2nd period - Slapshot by Tyler Bertuzzi.
7:25 of 2nd period - Stopped by Jake Allen without a rebound.
7:26 of 2nd period - Evan Rodrigues wins face-off versus Matty Beniers in Winnipeg Jets zone.
8:02 of 2nd period - Wrist shot by Ryan Nugent-Hopkins.
8:02 of 2nd period - Stopped by Thomas Greiss with a rebound.
8:13 of 2nd period - Off-side.
8:14 of 2nd period - Pius Suter wins face-off versus Riley Sheahan in neutral zone.
8:17 of 2nd period - Slapshot by Brandon Montour.
8:17 of 2nd period - Shot Misses the Net.
8:19 of 2nd period - Wrist shot by Andrew Cogliano.
8:19 of 2nd period - Shot Misses the Net.
8:21 of 2nd period - Wrist shot by Brandon Montour.
8:21 of 2nd period - Stopped by Thomas Greiss without a rebound.
8:22 of 2nd period - Connor McDavid wins face-off versus Evan Rodrigues in Philadelphia Flyers zone.
9:23 of 2nd period - Off-side.
9:24 of 2nd period - Connor McDavid wins face-off versus Evan Rodrigues in neutral zone.
9:30 of 2nd period - Minor Penalty to Carter Verhaeghe for Hooking.
9:31 of 2nd period - Riley Sheahan wins face-off versus Nick Suzuki in Philadelphia Flyers zone.
10:41 of 2nd period - Snap shot by Marcus Johansson.
10:41 of 2nd period - Shot Misses the Net.
10:53 of 2nd period - Alexander Barabanov is hit by Lucas Raymond and loses puck.
11:25 of 2nd period - Slapshot by Lucas Raymond.
11:25 of 2nd period - Stopped by Thomas Greiss without a rebound.
11:26 of 2nd period - Nick Suzuki wins face-off versus Riley Sheahan in Philadelphia Flyers zone.
11:30 of 2nd period - Penalty to Carter Verhaeghe is over, Carter Verhaeghe is back on ice.
12:08 of 2nd period - Minor Penalty to John Klingberg for Slashing.
12:09 of 2nd period - Nick Suzuki wins face-off versus Elias Lindholm in Winnipeg Jets zone.
12:19 of 2nd period - Kevin Shattenkirk is hit by Elias Lindholm and loses puck.
14:08 of 2nd period - Penalty to John Klingberg is over, John Klingberg is back on ice.
14:27 of 2nd period - Matty Beniers is hit by Justin Faulk and loses puck.
14:40 of 2nd period - Snap shot by Evgenii Dadonov.
14:40 of 2nd period - Shot Misses the Net.
15:36 of 2nd period - Snap shot by Joe Pavelski.
15:36 of 2nd period - Deflect By Kyle Palmieri.
15:36 of 2nd period - Stopped by Thomas Greiss with a rebound.
17:31 of 2nd period - Marcus Johansson is hit by Aaron Ekblad and loses puck.
17:44 of 2nd period - Snap shot by Mathew Barzal.
17:44 of 2nd period - Shot Blocked by Ben Chiarot.
17:46 of 2nd period - Wrist shot by Mathew Barzal.
17:46 of 2nd period - Stopped by Thomas Greiss with a rebound.
17:48 of 2nd period - Backhand shot by Brandon Montour.
17:48 of 2nd period - Stopped by Thomas Greiss without a rebound.
17:49 of 2nd period - Mathew Barzal wins face-off versus Elias Lindholm in Philadelphia Flyers zone.
17:58 of 2nd period - Slapshot by Mathew Barzal.
17:58 of 2nd period - Stopped by Thomas Greiss with a rebound.
18:12 of 2nd period - Alexander Barabanov is hit by Matty Beniers and loses puck.
18:30 of 2nd period - Wrist shot by Jacob Trouba.
18:30 of 2nd period - Stopped by Thomas Greiss without a rebound.
18:31 of 2nd period - Connor McDavid wins face-off versus Evan Rodrigues in Philadelphia Flyers zone.
18:34 of 2nd period - Snap shot by Lucas Raymond.
18:34 of 2nd period - Stopped by Thomas Greiss without a rebound.
18:35 of 2nd period - Connor McDavid wins face-off versus Matt Boldy in Philadelphia Flyers zone.
18:38 of 2nd period - Snap shot by Joe Pavelski.
18:38 of 2nd period - Shot Blocked by Oliver Ekman-Larsson.
19:00 of 2nd period - Snap shot by Tyler Johnson.
19:00 of 2nd period - Shot Misses the Net.
19:02 of 2nd period - Snap shot by Tyler Johnson.
19:02 of 2nd period - Goal by Tyler Johnson - Philadelphia Flyers : 2 - Winnipeg Jets : 1.
19:03 of 2nd period - Connor McDavid wins face-off versus Elias Lindholm in neutral zone.
19:21 of 2nd period - Icing by Lucas Raymond.
19:22 of 2nd period - Connor McDavid wins face-off versus Evan Rodrigues in Winnipeg Jets zone.
19:31 of 2nd period - Evan Rodrigues is hit by John Klingberg and loses puck.
19:58 of 2nd period - Wrist shot by Ryan Nugent-Hopkins.
19:58 of 2nd period - Stopped by Thomas Greiss without a rebound.
19:59 of 2nd period - Pius Suter wins face-off versus Evan Rodrigues in Philadelphia Flyers zone.
Goals for this period are 2 for Philadelphia Flyers vs 0 for Winnipeg Jets.
Shots for this period are 7 for Philadelphia Flyers vs 13 for Winnipeg Jets.
3rd period
0:01 of 3rd period - Evan Rodrigues wins face-off versus Nick Suzuki in neutral zone.
0:04 of 3rd period - Nick Suzuki is hit by Oliver Ekman-Larsson and loses puck.
0:09 of 3rd period - Snap shot by Evan Rodrigues.
0:09 of 3rd period - Shot Misses the Net.
0:11 of 3rd period - Slapshot by Evan Rodrigues.
0:11 of 3rd period - Stopped by Jake Allen with a rebound.
0:13 of 3rd period - Snap shot by Evan Rodrigues.
0:13 of 3rd period - Stopped by Jake Allen with a rebound.
0:15 of 3rd period - Slapshot by Matt Roy.
0:15 of 3rd period - Stopped by Jake Allen without a rebound.
0:16 of 3rd period - Elias Lindholm wins face-off versus Connor McDavid in Winnipeg Jets zone.
0:37 of 3rd period - Joe Pavelski is hit by Elias Lindholm and loses puck.
1:56 of 3rd period - Off-side.
1:57 of 3rd period - Evan Rodrigues wins face-off versus Nick Suzuki in neutral zone.
2:08 of 3rd period - Wrist shot by Matt Boldy.
2:08 of 3rd period - Deflect By Evan Rodrigues.
2:08 of 3rd period - Shot Misses the Net.
2:08 of 3rd period - Puck is out of play.
2:09 of 3rd period - Connor McDavid wins face-off versus Evan Rodrigues in Winnipeg Jets zone.
2:18 of 3rd period - Snap shot by Connor McDavid.
2:18 of 3rd period - Shot Misses the Net.
2:24 of 3rd period - Wrist shot by Evan Rodrigues.
2:24 of 3rd period - Goal by Evan Rodrigues - Philadelphia Flyers : 3 - Winnipeg Jets : 1.
2:25 of 3rd period - Nick Suzuki wins face-off versus Elias Lindholm in neutral zone.
2:39 of 3rd period - Minor Penalty to Nick Suzuki for Holding.
2:40 of 3rd period - Elias Lindholm wins face-off versus Mark Stone in Winnipeg Jets zone.
2:44 of 3rd period - Slapshot by Tyler Bertuzzi.
2:44 of 3rd period - Stopped by Jake Allen without a rebound.
2:45 of 3rd period - Mark Stone wins face-off versus Elias Lindholm in Winnipeg Jets zone.
2:56 of 3rd period - Wrist shot by Elias Lindholm.
2:56 of 3rd period - Shot Misses the Net.
4:32 of 3rd period - Mark Stone is hit by Matt Roy and loses puck.
4:39 of 3rd period - Penalty to Nick Suzuki is over, Nick Suzuki is back on ice.
5:03 of 3rd period - Tyler Johnson is hit by Nick Suzuki and loses puck.
5:21 of 3rd period - Off-side.
5:22 of 3rd period - Connor McDavid wins face-off versus Riley Sheahan in neutral zone.
5:52 of 3rd period - Ben Chiarot is hit by Kyle Palmieri and loses puck.
5:59 of 3rd period - Ben Chiarot is hit by Andrew Cogliano and loses puck.
6:10 of 3rd period - Tyler Toffoli is hit by Evan Rodrigues and loses puck.
6:44 of 3rd period - Minor Penalty to Mark Stone for Cross-checking.
6:45 of 3rd period - Pius Suter wins face-off versus Elias Lindholm in Winnipeg Jets zone.
6:54 of 3rd period - Slapshot by Oliver Ekman-Larsson.
6:54 of 3rd period - Stopped by Jake Allen without a rebound.
6:55 of 3rd period - Elias Lindholm wins face-off versus Nick Suzuki in Winnipeg Jets zone.
7:10 of 3rd period - Slapshot by Oliver Ekman-Larsson.
7:10 of 3rd period - Shot Blocked by Jacob Trouba.
7:12 of 3rd period - Slapshot by Carter Verhaeghe.
7:12 of 3rd period - Shot Blocked by Kevin Shattenkirk.
7:14 of 3rd period - Slapshot by Justin Faulk.
7:14 of 3rd period - Shot Blocked by Pius Suter.
7:16 of 3rd period - Snap shot by Carter Verhaeghe.
7:16 of 3rd period - Shot Misses the Net.
7:56 of 3rd period - Snap shot by Tyler Bertuzzi.
7:56 of 3rd period - Stopped by Jake Allen with a rebound.
8:44 of 3rd period - Penalty to Mark Stone is over, Mark Stone is back on ice.
8:59 of 3rd period - Slapshot by Tyler Bertuzzi.
8:59 of 3rd period - Shot Blocked by Ryan Nugent-Hopkins.
9:01 of 3rd period - Slapshot by Elias Lindholm.
9:01 of 3rd period - Stopped by Jake Allen with a rebound.
9:03 of 3rd period - Snap shot by Justin Faulk.
9:03 of 3rd period - Stopped by Jake Allen with a rebound.
9:05 of 3rd period - Snap shot by Oliver Ekman-Larsson.
9:05 of 3rd period - Stopped by Jake Allen with a rebound.
9:07 of 3rd period - Slapshot by Justin Faulk.
9:07 of 3rd period - Deflect By Elias Lindholm.
9:07 of 3rd period - Goal by Elias Lindholm - Philadelphia Flyers : 4 - Winnipeg Jets : 1.
9:08 of 3rd period - Riley Sheahan wins face-off versus Connor McDavid in neutral zone.
9:20 of 3rd period - Icing by John Klingberg.
9:21 of 3rd period - Connor McDavid wins face-off versus Riley Sheahan in Winnipeg Jets zone.
9:32 of 3rd period - Snap shot by Connor McDavid.
9:32 of 3rd period - Stopped by Thomas Greiss without a rebound.
9:33 of 3rd period - Connor McDavid wins face-off versus Riley Sheahan in Philadelphia Flyers zone.
9:34 of 3rd period - Wrist shot by Lucas Raymond.
9:34 of 3rd period - Shot Misses the Net.
9:50 of 3rd period - Slapshot by Lucas Raymond.
9:50 of 3rd period - Goal by Lucas Raymond - Philadelphia Flyers : 4 - Winnipeg Jets : 2.
9:51 of 3rd period - Nick Suzuki wins face-off versus Riley Sheahan in neutral zone.
10:00 of 3rd period - Mark Stone is hit by Justin Faulk and loses puck.
10:07 of 3rd period - Slapshot by Evgenii Dadonov.
10:07 of 3rd period - Stopped by Jake Allen with a rebound.
10:26 of 3rd period - Snap shot by Tyler Johnson.
10:26 of 3rd period - Stopped by Jake Allen without a rebound.
10:27 of 3rd period - Connor McDavid wins face-off versus Evan Rodrigues in Winnipeg Jets zone.
10:32 of 3rd period - Snap shot by Lucas Raymond.
10:32 of 3rd period - Stopped by Thomas Greiss without a rebound.
10:33 of 3rd period - Connor McDavid wins face-off versus Evan Rodrigues in Philadelphia Flyers zone.
10:34 of 3rd period - Snap shot by Lucas Raymond.
10:34 of 3rd period - Stopped by Thomas Greiss with a rebound.
11:54 of 3rd period - Wrist shot by Evgenii Dadonov.
11:54 of 3rd period - Stopped by Jake Allen without a rebound.
11:55 of 3rd period - Connor McDavid wins face-off versus Evan Rodrigues in Winnipeg Jets zone.
12:20 of 3rd period - Kyle Palmieri is hit by Elias Lindholm and loses puck.
12:29 of 3rd period - Snap shot by Elias Lindholm.
12:29 of 3rd period - Stopped by Jake Allen without a rebound.
12:30 of 3rd period - Nick Suzuki wins face-off versus Evan Rodrigues in Winnipeg Jets zone.
13:28 of 3rd period - Brandon Montour is hit by Justin Faulk and loses puck.
13:41 of 3rd period - Wrist shot by Nick Suzuki.
13:41 of 3rd period - Shot Misses the Net.
14:07 of 3rd period - Snap shot by Alexander Barabanov.
14:07 of 3rd period - Stopped by Jake Allen without a rebound.
14:08 of 3rd period - Pius Suter wins face-off versus Tyler Bertuzzi in Winnipeg Jets zone.
14:43 of 3rd period - Slapshot by Evan Rodrigues.
14:43 of 3rd period - Goal by Evan Rodrigues - Philadelphia Flyers : 5 - Winnipeg Jets : 2.
14:44 of 3rd period - Nick Suzuki wins face-off versus Evan Rodrigues in neutral zone.
14:53 of 3rd period - Wrist shot by Nick Suzuki.
14:53 of 3rd period - Shot Misses the Net.
14:55 of 3rd period - Snap shot by Nick Suzuki.
14:55 of 3rd period - Shot Misses the Net.
14:57 of 3rd period - Wrist shot by Nick Suzuki.
14:57 of 3rd period - Stopped by Thomas Greiss with a rebound.
14:59 of 3rd period - Wrist shot by Ryan Nugent-Hopkins.
14:59 of 3rd period - Stopped by Thomas Greiss with a rebound.
15:01 of 3rd period - Wrist shot by Nick Suzuki.
15:01 of 3rd period - Stopped by Thomas Greiss without a rebound.
15:02 of 3rd period - Elias Lindholm wins face-off versus Connor McDavid in Philadelphia Flyers zone.
15:02 of 3rd period - Elias Lindholm is hit by Aaron Ekblad.
15:28 of 3rd period - Matt Roy is hit by Nick Suzuki and loses puck.
15:33 of 3rd period - Snap shot by Ryan Nugent-Hopkins.
15:33 of 3rd period - Goal by Ryan Nugent-Hopkins - Philadelphia Flyers : 5 - Winnipeg Jets : 3.
15:34 of 3rd period - Matty Beniers wins face-off versus Riley Sheahan in neutral zone.
15:41 of 3rd period - Slapshot by Tyler Toffoli.
15:41 of 3rd period - Stopped by Thomas Greiss with a rebound.
15:55 of 3rd period - Double Minor Penalty to Matty Beniers for Slashing.
15:56 of 3rd period - Pius Suter wins face-off versus Elias Lindholm in Winnipeg Jets zone.
15:56 of 3rd period - Pius Suter is hit by Justin Faulk.
16:10 of 3rd period - Slapshot by Tyler Bertuzzi.
16:10 of 3rd period - Stopped by Jake Allen without a rebound.
16:11 of 3rd period - Pius Suter wins face-off versus Evan Rodrigues in Winnipeg Jets zone.
18:47 of 3rd period - Pius Suter is hit by Tyler Bertuzzi and loses puck.
19:55 of 3rd period - Penalty to Matty Beniers is over, Matty Beniers is back on ice.
Goals for this period are 3 for Philadelphia Flyers vs 2 for Winnipeg Jets.
Shots for this period are 18 for Philadelphia Flyers vs 9 for Winnipeg Jets.
Back to the Top